General information
- name: BNet
- type: Ladder team game (AT/RT)
- host: Battle.net
- saver: 12u891247812571
map: Friends
- players: 8
- length: 13:30
- speed: Fast
- version: 1.26 W3XP
- replay type: Public
» download(71 KB)
Players
team 1 (loser)
y34stlnf3ctl0n (
green | 51 APM | 683 actions | 13:28)
3 Goblin Tinker
1 Pocket Factory
2 Engineering Upgrade
» actions
| Assign group hotkey | 29 | |
| Basic commands | 36 | |
| Build / train | 33 | |
| ESC pressed | 2 | |
| Enter build submenu | 18 | |
| Enter hero's abilities submenu | 3 | |
| Right click | 305 | |
| Select / deselect | 84 | |
| Select group hotkey | 139 | |
| Use ability | 34 | |
683 total
» units
» upgrades
| Lumber Harvesting | 2 | |
| Masonry | 1 | |
| Storm Hammers | 1 | |
4 total
» buildings
| Farm | 8 | |
| Altar of Kings | 1 | |
| Keep | 1 | |
| Lumber Mill | 1 | |
| Castle | 1 | |
| Gryphon Aviary | 3 | |
| Scout Tower | 4 | |
| Guard Tower | 3 | |
| Blacksmith | 1 | |
23 total
» build order
00:26 Farm
01:03 Altar of Kings
02:21 Keep
03:50 Lumber Mill
04:43 Castle
04:58 Gryphon Aviary
04:59 Gryphon Aviary
05:04 Gryphon Aviary
05:38 Farm
05:39 Farm
05:41 Farm
05:47 Scout Tower
05:49 Scout Tower
05:51 Scout Tower
06:57 Guard Tower
08:53 Farm
08:54 Farm
08:55 Farm
08:57 Scout Tower
09:00 Farm
09:32 Blacksmith
11:05 Guard Tower
Submariner9 (
purple | 24 APM | 311 actions | 12:54)
2 Blademaster
1 Critical Strike
1 Wind Walk
» actions
| Build / train | 39 | |
| Enter build submenu | 10 | |
| Enter hero's abilities submenu | 2 | |
| Right click | 165 | |
| Select / deselect | 72 | |
| Use ability | 23 | |
311 total
» units
| Peon | 5 | |
| Grunt | 20 | |
| Troll Headhunter/Berserker | 3 | |
| Goblin Shredder | 1 | |
29 total
» upgrades
| Berserker Strength | 1 | |
| Troll Regeneration | 1 | |
| Melee Weapons | 1 | |
| Ranged Weapons | 1 | |
| Armor | 1 | |
5 total
» buildings
| Altar of Storms | 1 | |
| Orc Burrow | 6 | |
| Barracks | 1 | |
| War Mill | 1 | |
| Stronghold | 1 | |
| Fortress | 1 | |
11 total
» build order
01:43 Altar of Storms
02:53 Orc Burrow
03:17 Barracks
03:55 War Mill
04:41 Stronghold
05:04 Orc Burrow
05:28 Orc Burrow
06:51 Orc Burrow
10:19 Fortress
10:23 Orc Burrow
10:30 Orc Burrow
mr.fedan (
red | 20 APM | 258 actions | 13:11)
2 Blademaster
1 Critical Strike
1 Mirror Image
» actions
| Basic commands | 1 | |
| Build / train | 34 | |
| Enter build submenu | 17 | |
| Enter hero's abilities submenu | 2 | |
| Remove unit from queue | 1 | |
| Right click | 62 | |
| Select / deselect | 125 | |
| Use ability | 16 | |
258 total
» units
| Peon | 8 | |
| Grunt | 4 | |
| Troll Headhunter/Berserker | 2 | |
| Wind Rider | 8 | |
22 total
» upgrades
| Ranged Weapons | 1 | |
| Melee Weapons | 1 | |
| Armor | 1 | |
| Envenomed Spears | 1 | |
| Reinforced Defenses | 1 | |
5 total
» buildings
| Orc Burrow | 6 | |
| War Mill | 1 | |
| Altar of Storms | 1 | |
| Barracks | 1 | |
| Stronghold | 1 | |
| Voodoo Lounge | 1 | |
| Beastiary | 2 | |
| Fortress | 1 | |
| Tauren Totem | 1 | |
15 total
» build order
00:59 Orc Burrow
01:24 War Mill
01:40 Altar of Storms
01:56 Orc Burrow
02:41 Orc Burrow
02:52 Barracks
03:35 Stronghold
04:24 Voodoo Lounge
05:38 Orc Burrow
06:45 Beastiary
07:34 Beastiary
08:30 Fortress
09:10 Orc Burrow
09:27 Orc Burrow
12:06 Tauren Totem

»
sk8er1990420 (
teal | 19 APM | 244 actions | 12:59)
2 Blademaster
1 Wind Walk
1 Critical Strike
» actions
| Assign group hotkey | 6 | |
| Basic commands | 6 | |
| Build / train | 23 | |
| Enter build submenu | 13 | |
| Enter hero's abilities submenu | 2 | |
| Right click | 78 | |
| Select / deselect | 92 | |
| Select group hotkey | 5 | |
| Use ability | 19 | |
244 total
» units
| Peon | 7 | |
| Grunt | 4 | |
| Troll Headhunter/Berserker | 8 | |
| Goblin Zeppelin | 1 | |
20 total
» buildings
| Orc Burrow | 5 | |
| Altar of Storms | 1 | |
| Barracks | 2 | |
| War Mill | 1 | |
9 total
» build order
00:10 Orc Burrow
00:23 Orc Burrow
00:45 Altar of Storms
01:49 Barracks
03:02 Barracks
04:27 Orc Burrow
05:37 Orc Burrow
06:12 War Mill
07:48 Orc Burrow
team 2 (winner)
12u891247812571 (
blue | 54 APM | 736 actions | 13:30)
5 Death Knight
3 Death Coil
2 Unholy Aura
3 Dark Ranger
1 Silence
2 Black Arrow
» actions
| Assign group hotkey | 14 | |
| Basic commands | 11 | |
| Build / train | 54 | |
| Enter build submenu | 9 | |
| Enter hero's abilities submenu | 9 | |
| Remove unit from queue | 1 | |
| Right click | 243 | |
| Select / deselect | 200 | |
| Select group hotkey | 167 | |
| Use ability | 28 | |
736 total
» units
| Acolyte | 2 | |
| Ghoul | 4 | |
| Crypt Fiend | 4 | |
| Goblin Shredder | 1 | |
| Gargoyle | 4 | |
| Abomination | 1 | |
16 total
» upgrades
| Creature Attack | 3 | |
| Creature Carapace | 1 | |
| Web | 1 | |
| Unholy Armor | 1 | |
| Unholy Strength | 1 | |
| Disease Cloud | 1 | |
8 total
» buildings
| Altar of Darkness | 1 | |
| Ziggurat | 4 | |
| Crypt | 1 | |
| Graveyard | 1 | |
| Nerubian Tower | 1 | |
| Tomb of Relics | 1 | |
| Spirit Tower | 3 | |
| Halls of the Dead | 5 | |
| Slaughterhouse | 1 | |
| Black Citadel | 1 | |
19 total
» build order
00:09 Altar of Darkness
00:11 Ziggurat
00:22 Crypt
00:49 Graveyard
01:03 Nerubian Tower
01:30 Ziggurat
02:29 Tomb of Relics
02:41 Spirit Tower
05:04 Halls of the Dead
05:04 Halls of the Dead
05:05 Halls of the Dead
05:15 Ziggurat
06:12 Spirit Tower
06:16 Ziggurat
07:20 Spirit Tower
07:26 Slaughterhouse
07:30 Black Citadel
» items
WatchYourMouth (
pink | 37 APM | 502 actions | 13:28)
4 Blademaster
2 Wind Walk
2 Critical Strike
3 Shadow Hunter
2 Healing Wave
1 Hex
» actions
| Assign group hotkey | 12 | |
| Basic commands | 42 | |
| Build / train | 54 | |
| ESC pressed | 1 | |
| Enter build submenu | 13 | |
| Enter hero's abilities submenu | 7 | |
| Right click | 152 | |
| Select / deselect | 119 | |
| Select group hotkey | 63 | |
| Use ability | 39 | |
502 total
» units
| Peon | 10 | |
| Troll Headhunter/Berserker | 17 | |
| Shaman | 8 | |
35 total
» upgrades
| Shaman Training | 2 | |
| Troll Regeneration | 1 | |
| Berserker Upgrade | 1 | |
| Ranged Weapons | 2 | |
| Armor | 1 | |
7 total
» buildings
| War Mill | 1 | |
| Altar of Storms | 1 | |
| Barracks | 1 | |
| Orc Burrow | 6 | |
| Voodoo Lounge | 1 | |
| Stronghold | 1 | |
| Watch Tower | 1 | |
| Spirit Lodge | 1 | |
| Fortress | 1 | |
| Great Hall | 1 | |
15 total
» build order
00:25 War Mill
00:44 Altar of Storms
00:52 Barracks
01:17 Orc Burrow
02:49 Orc Burrow
03:11 Voodoo Lounge
03:39 Stronghold
03:49 Orc Burrow
05:01 Watch Tower
06:11 Spirit Lodge
06:15 Orc Burrow
07:24 Fortress
08:38 Orc Burrow
10:00 Orc Burrow
13:28 Great Hall
» items

»
demon702 (
orange | 30 APM | 398 actions | 13:28)
1 Death Knight
1 Death Coil
» actions
| Build / train | 40 | |
| Enter build submenu | 17 | |
| Enter hero's abilities submenu | 1 | |
| Remove unit from queue | 1 | |
| Right click | 198 | |
| Select / deselect | 116 | |
| Use ability | 25 | |
398 total
» units
| Acolyte | 4 | |
| Ghoul | 13 | |
| Crypt Fiend | 4 | |
| Frost Wyrm | 5 | |
26 total
» upgrades
| Web | 1 | |
| Creature Attack | 1 | |
| Creature Carapace | 1 | |
| Freezing Breath | 1 | |
4 total
» buildings
| Crypt | 1 | |
| Ziggurat | 7 | |
| Necropolis | 1 | |
| Altar of Darkness | 1 | |
| Graveyard | 1 | |
| Nerubian Tower | 1 | |
| Spirit Tower | 3 | |
| Halls of the Dead | 1 | |
| Black Citadel | 1 | |
| Sacrificial Pit | 1 | |
| Boneyard | 3 | |
21 total
» build order
00:34 Crypt
01:02 Ziggurat
01:15 Necropolis
01:30 Altar of Darkness
01:38 Graveyard
02:42 Ziggurat
03:21 Nerubian Tower
04:06 Spirit Tower
04:10 Halls of the Dead
04:42 Ziggurat
05:08 Ziggurat
05:47 Ziggurat
06:41 Black Citadel
07:27 Sacrificial Pit
07:30 Spirit Tower
07:33 Spirit Tower
09:05 Boneyard
09:10 Boneyard
09:14 Boneyard
09:18 Ziggurat
09:22 Ziggurat
» items
darneezy (
yellow | 56 APM | 755 actions | 13:28)
4 Demon Hunter
2 Immolation
1 Mana Burn
1 Evasion
2 Beastmaster
1 Summon Bear
1 Summon Quilbeast
» actions
| Assign group hotkey | 25 | |
| Build / train | 46 | |
| Enter build submenu | 13 | |
| Enter hero's abilities submenu | 7 | |
| Remove unit from queue | 1 | |
| Right click | 363 | |
| Select / deselect | 140 | |
| Select group hotkey | 130 | |
| Use ability | 30 | |
755 total
» units
| Wisp | 12 | |
| Archer | 4 | |
| Huntress | 4 | |
| Dryad | 3 | |
| Druid of the Claw | 5 | |
28 total
» upgrades
| Strength of the Wild | 2 | |
| Abolish Magic | 1 | |
| Druid of the Claw Training | 2 | |
5 total
» buildings
| Moon Well | 5 | |
| Altar of Elders | 1 | |
| Ancient of War | 1 | |
| Tree of Ages | 1 | |
| Hunter's Hall | 1 | |
| Ancient of Wonders | 2 | |
| Ancient of Lore | 2 | |
| Tree of Eternity | 1 | |
| Ancient Protector | 1 | |
15 total
» build order
00:11 Moon Well
00:20 Altar of Elders
01:05 Moon Well
01:47 Ancient of War
02:22 Tree of Ages
02:44 Moon Well
02:55 Hunter's Hall
03:59 Ancient of Wonders
04:10 Ancient of Wonders
05:26 Ancient of Lore
05:31 Ancient of Lore
07:28 Tree of Eternity
07:53 Moon Well
07:57 Moon Well
09:12 Ancient Protector
» items
Chat log
(00:16 / Allies) darneezy: yo
(00:26 / Allies) 12u891247812571: sup
(00:30 / All) y34stlnf3ctl0n: jews = good or bad?
(00:57 / All) y34stlnf3ctl0n: hmm?
(01:08 / All) y34stlnf3ctl0n: jews = good or bad?
(01:22 / All) WatchYourMouth: both
(01:38 / All) WatchYourMouth: hitler was a good jewe
(01:58 / All) y34stlnf3ctl0n: right answer
(02:07 / All) darneezy: you guys are fucked
(02:16 / All) Submariner9: hitler was german
(02:28 / All) darneezy: 1/4 jewish
(02:29 / All) sk8er1990420: hitler was halve jew
(02:29 / All) WatchYourMouth: really purple?
(02:33 / All) y34stlnf3ctl0n: yellow answered correctly
(03:10 / All) y34stlnf3ctl0n: hitler was a jew who accomplished great things
(03:57 / Allies) 12u891247812571: stop autofollowing, you need to help creep on this map not leech
(04:20 / All) y34stlnf3ctl0n: 2 necropolis
(04:24 / All) y34stlnf3ctl0n: orange
(04:26 / All) y34stlnf3ctl0n: is a bser
(04:32 / All) y34stlnf3ctl0n: or bad?
(04:34 / All) y34stlnf3ctl0n: or both?
(04:45 / All) WatchYourMouth: lol
(04:46 / All) 12u891247812571: he unsummoned one
(05:11 / All) y34stlnf3ctl0n: orange
(05:14 / All) y34stlnf3ctl0n: state your purpose
(05:25 / All) y34stlnf3ctl0n: writs of intention
(05:45 / All) y34stlnf3ctl0n: what type of jew be u?
(08:11 / Allies) WatchYourMouth: oj...
(10:32 / Allies) WatchYourMouth: cpl burrows
(10:43 / Allies) WatchYourMouth: b
(10:54 / Allies) WatchYourMouth: fight
(12:39 / Allies) darneezy: this team sucks
(12:46 / Allies) 12u891247812571: ?
(12:47 / Allies) 12u891247812571: we just won
(12:51 / Allies) darneezy: i mean
(12:55 / Allies) darneezy: their's
(12:58 / Allies) 12u891247812571: ah lol
(12:59 / Allies) 12u891247812571: yeah
(13:04 / All) WatchYourMouth: gg
(13:05 / Allies) 12u891247812571: they didn't react very quickly
(13:05 / All) 12u891247812571: gg
(13:06 / Allies) darneezy: and orange pulls thorugh
(13:16 / All) y34stlnf3ctl0n: gg
(13:20 / All) 12u891247812571: gg
(13:21 / All) y34stlnf3ctl0n: remember
(13:22 / All) y34stlnf3ctl0n: jews are bad
(13:25 / All) 12u891247812571: I will